 Dungeon Crawl Stone Soup version 0.29-a0-925-g0a7a3d12f8 (webtiles) character file.

Game seed: 1424266694291871188

12450 gelatine the Cleaver (level 11, -3/87 HPs)
             Began as a Demonspawn Gladiator on July 28, 2022.
             Slain by a boulder beetle (23 damage)
             ... on level 9 of the Dungeon.
             The game lasted 00:41:54 (9190 turns).

gelatine the Cleaver (Demonspawn Gladiator)         Turns: 9190, Time: 00:41:55

Health: -3/87      AC: 15    Str: 17    XL:     11   Next: 62%
Magic:  11/11      EV: 16    Int: 10    God:
Gold:   562        SH:  0    Dex: 20    Spells: 7/10 levels left

rFire   . . .      SeeInvis .   I - +10 spear of Bodily Harmony {speed, rElec rPois Will+ Str-2}
rCold   . . .      Faith    .   (no shield)
rNeg    . . .      Spirit   .   D - +0 troll leather armour
rPois   +          Reflect  .   c - +2 helmet
rElec   +          Harm     .   r - +2 cloak
rCorr   .          Rampage  .   x - +2 pair of gloves
Will    ++...                   (no boots)
Stlth   ++........              A - amulet of regeneration
HPRegen 1.84/turn               C - ring of willpower
MPRegen 0.12/turn               q - +6 ring of dexterity

@: no status effects
A: demonic guardian 1, ignite blood 2, weakness stinger 2
a: no special abilities


You were on level 9 of the Dungeon.
You visited 1 branch of the dungeon, and saw 9 of its levels.

You collected 562 gold pieces.

Inventory:

Hand Weapons
 b - a +2 vorpal battleaxe
 j - a +2 vampiric hand axe
 I - the +10 spear of Bodily Harmony (weapon) {speed, rElec rPois Will+ Str-2}
   (You found it on level 8 of the Dungeon)

   Attacks with this weapon are significantly faster.
   Str:       It affects your strength (-2).
   rElec:     It insulates you from electricity.
   rPois:     It protects you from poison.
   Will:      It increases your willpower.
 T - a +1 broad axe of flaming
 V - a +1 demon whip of venom
Missiles
 e - 5 throwing nets
 m - 3 boomerangs
 E - 26 poisoned darts (quivered)
 M - 6 curare-tipped darts
Armour
 c - a +2 helmet (worn)
 f - a +0 scale mail
 l - a +1 robe of willpower
 o - a +0 plate armour
 p - +0 steam dragon scales
 r - a +2 cloak (worn)
 s - a +0 chain mail
 u - the +3 leather armour "Goikleok" {Rampage rPois rC+++ Will-}
   (You found it on level 6 of the Dungeon)

   rC:        It renders you almost immune to cold.
   rPois:     It protects you from poison.
   Rampage:   It bestows one free step when moving towards enemies.
   Will:      It decreases your willpower.
 x - a +2 pair of gloves (worn)
 D - a +0 troll leather armour (worn)
 H - a +0 ring mail of poison resistance
 O - the +2 leather armour of Incorporation {rF+ Stlth+}
   (You found it on level 9 of the Dungeon)

   rF:        It protects you from fire.
   Stlth:     It makes you more stealthy.
Jewellery
 a - an amulet of faith
 g - a ring of ice
 q - a +6 ring of dexterity (right hand)
 v - a ring of fire
 A - an amulet of regeneration (around neck)
 B - a ring of ice
 C - a ring of willpower (left hand)
 P - a ring of resist corrosion
 S - a ring of flight
Wands
 G - a wand of polymorph (7)
 K - a wand of paralysis (12)
 U - a wand of flame (8)
Scrolls
 i - 2 scrolls of teleportation
 k - 2 scrolls of identify
 y - a scroll of fog
 J - a scroll of magic mapping {unknown}
 L - a scroll of enchant armour
 Q - 3 scrolls of amnesia {unknown}
Potions
 d - a potion of mutation
 h - a potion of haste
 n - 4 potions of brilliance
 t - 3 potions of flight
 w - a potion of might
 z - 2 potions of lignification
 F - 6 potions of curing
 N - a potion of berserk rage {unknown}
 R - a potion of heal wounds


   Skills:
 * Level 8.7 Fighting
 * Level 10.8(11.3) Axes
 + Level 5.1(8.6) Polearms
 + Level 2.6 Throwing
 * Level 6.9 Armour
 * Level 7.0 Dodging
 + Level 2.3 Stealth
 + Level 0.4 Spellcasting
 + Level 0.3 Translocations
 + Level 0.1 Evocations


You had 7 spell levels left.
You knew the following spells:

 Your Spells              Type           Power      Damage    Failure   Level
a - Apportation           Tloc           0%         N/A       36%         1
b - Blink                 Tloc           0%         N/A       50%         2

Your spell library contained the following spells:

 Spells                   Type           Power      Damage    Failure   Level
 Poisonous Vapours        Pois/Air       0%         N/A       54%         2
 Gell's Gravitas          Tloc           0%         N/A       75%         3
 Lesser Beckoning         Tloc           0%         N/A       75%         3
 Teleport Other           Tloc           0%         N/A       75%         3
 Corpse Rot               Necr/Pois/Air  0%         N/A       99%         4
 Fulminant Prism          Conj/Hex       0%         3d6       99%         4
 Iskenderun's Mystic Bla  Conj/Tloc      0%         2d3       99%         4
 Alistair's Intoxication  Tmut/Pois      0%         N/A       100%        5
 Lee's Rapid Deconstruct  Erth           0%         3d5*      100%        5
 Manifold Assault         Tloc           0%         N/A       100%        5
 Conjure Ball Lightning   Conj/Air       0%         3x3d6     100%        6
 Storm Form               Tmut/Air       0%         N/A       100%        7
 Discord                  Hex            0%         N/A       100%        8
 Disjunction              Tloc           0%         N/A       100%        8


Dungeon Overview and Level Annotations

Branches:
Dungeon (9/15)             Temple (0/1) D:4
   Lair: D:8-11         Orc: D:9-12

Altars:
Ashenzari
Cheibriados
Kikubaaqudgha
Uskayaw
Vehumet
Wu Jian
Yredelemnul


Innate Abilities, Weirdness & Mutations

A weak demonic guardian rushes to your aid.
Your demonic aura often causes spilled blood to erupt in flames.
You have a tail ending in a sharp stinger.


Message History

The boulder beetle completely misses you.
You hit the boulder beetle.
The boulder beetle is lightly wounded.
You hit the boulder beetle but do no damage.
You tail-slap the boulder beetle, but do no damage.
The boulder beetle is lightly wounded.
You hit the boulder beetle but do no damage.
The boulder beetle is lightly wounded.
The boulder beetle is engulfed in blazing flames.
The boulder beetle bites you!
* * * LOW HITPOINT WARNING * * *
A demonic guardian appears!
You swap places.
The boulder beetle attacks as you move away!
The boulder beetle misses you.
The boulder beetle is engulfed in blazing flames.
The boulder beetle bites your quasit.
Your quasit bites the boulder beetle but does no damage.
Your quasit claws the boulder beetle but does no damage. x2
Your quasit bites the boulder beetle but does no damage.
Your quasit claws the boulder beetle but does no damage. x2
The boulder beetle bites your quasit!!
Your quasit dies!
Your quasit disappears in a puff of smoke!
You barely miss the boulder beetle.
The boulder beetle is moderately wounded.
The shadow strikes at you from the darkness!
Reactivating autopickup.
You hit the boulder beetle but do no damage.
The boulder beetle is moderately wounded.
The boulder beetle is engulfed in blazing flames.
The boulder beetle bites you.
* * * LOW HITPOINT WARNING * * *
You puncture the boulder beetle!
The boulder beetle is heavily wounded.
The shadow closely misses you.
You hit the boulder beetle. You tail-slap the boulder beetle.
The boulder beetle is heavily wounded.
The boulder beetle bites you!!
You die...

.##...........######..#
.##..................
.##.#####.#########.#
.##.##...))####.#.#.#
.##.##.###).).#.#...# ##
.##.##.#.#)##.#.).###...#
.##.#.......#.#.#.....#
.##...##...##...W.###.#
.##.#.#.......##@##.#.#.#
.##.#.##.#)#.##B##......#
.##.#....###.##z#..##
.##.####.....##..#.)#
.##.# ###.#########u#
.##.###.......# #.#
.##.##...####.# #c#
.##.#..### #)# .##.#.##


.zB You could see a boulder beetle, a skeletal warrior and a shadow.

Vanquished Creatures
  2 two-headed ogres (D:9)
  2 centaur warriors (D:9)
  Amaemon (D:9)
  3 ugly things (D:9)
  2 cyclopes (D:9)
  Maggie (D:9)
  An orange demon (D:9)
  2 trolls
  A slime creature (D:9)
  5 yaks (D:7)
  2 steam dragons
  3 orc warriors
  2 ice beasts (D:6)
  2 sky beasts
  2 black bears (D:6)
  An ogre (D:4)
  6 centaurs
  2 wolves (D:8)
  3 phantoms
  3 bullfrogs
  A necrophage (D:5)
  2 scorpions
  5 gnoll sergeants (D:8)
  7 wights (D:9)
  23 killer bees
  4 howler monkeys
  9 hounds
  5 orc priests
  A jelly (D:5)
  5 gnoll boudas
  An iguana (D:4)
  5 orc wizards
  39 gnolls
  3 adders
  A shadow imp (D:5)
  A white imp (D:3)
  An ufetubus (D:4)
  A dart slug (D:4)
  29 orcs
  5 ball pythons
  2 bats (D:2)
  7 endoplasms
  2 giant cockroaches (D:2)
  10 goblins
  3 hobgoblins
  7 jackals
  18 kobolds
  A quokka (D:5)
  2 frilled lizards (D:3)
  4 rats
250 creatures vanquished.

Vanquished Creatures (collateral kills)
  A yak (D:7)
  A kobold brigand (D:9)
  An orc priest (D:5)
  A kobold (D:9)
4 creatures vanquished.

Vanquished Creatures (others)
  20 plants
20 creatures vanquished.

Grand Total: 274 creatures vanquished

Notes
Turn   | Place    | Note
-------+----------+-------------------------------------------
     0 | D:1      | gelatine the Demonspawn Gladiator began the quest for the
                  | Orb.
     0 | D:1      | Reached XP level 1. HP: 16/16 MP: 1/1
   553 | D:1      | Gained mutation: You have a small tail. [demonic ancestry]
   553 | D:1      | Reached XP level 2. HP: 22/22 MP: 2/2
   864 | D:2      | Reached skill level 3 in Axes
   875 | D:2      | Found a faded altar of an unknown god.
  1780 | D:3      | Gained mutation: Your demonic aura sometimes causes spilled
                  | blood to erupt in flames. [demonic ancestry]
  1780 | D:3      | Reached XP level 3. HP: 27/27 MP: 3/3
  1787 | D:3      | Reached skill level 1 in Armour
  1977 | D:3      | Gained mutation: A weak demonic guardian rushes to your
                  | aid. [demonic ancestry]
  1977 | D:3      | Reached XP level 4. HP: 34/34 MP: 4/4
  2423 | D:4      | Reached XP level 5. HP: 23/41 MP: 5/5
  2678 | D:4      | Noticed an ogre
  2684 | D:4      | Killed an ogre
  2685 | D:4      | Reached skill level 4 in Axes
  2716 | D:4      | Noticed a phantom
  2717 | D:4      | Reached XP level 6. HP: 47/47 MP: 6/6
  2850 | D:4      | Found a staircase to the Ecumenical Temple.
  3327 | D:5      | Entered Level 5 of the Dungeon
  3435 | D:5      | Gained mutation: Your demonic aura often causes spilled
                  | blood to erupt in flames. [demonic ancestry]
  3435 | D:5      | Reached XP level 7. HP: 43/53 MP: 7/7
  3527 | D:5      | Reached skill level 5 in Axes
  4472 | D:5      | Reached skill level 6 in Axes
  4592 | D:5      | Identified a scroll of acquirement
  4593 | D:5      | Acquired a +2 vorpal battleaxe
  4852 | D:6      | Reached XP level 8. HP: 58/61 MP: 8/8
  4914 | D:6      | Reached skill level 1 in Stealth
  4918 | D:6      | Reached skill level 5 in Fighting
  5140 | D:6      | Found a snail-covered altar of Cheibriados.
  5319 | D:6      | Reached skill level 7 in Axes
  5450 | D:6      | Identified the +3 leather armour "Goikleok" {Rampage rPois
                  | rC+++ Will-}
  5494 | D:6      | Found a radiant altar of Vehumet.
  5681 | D:6      | Learned a level 1 spell: Apportation
  5748 | D:7      | Gained mutation: You have a tail ending in a sharp stinger.
                  | [demonic ancestry]
  5748 | D:7      | Reached XP level 9. HP: 52/69 MP: 9/9
  5753 | D:7      | Reached skill level 5 in Armour
  5755 | D:7      | Reached skill level 8 in Axes
  6092 | D:7      | Identified the +3 ring mail of the Northern Lights {Slay+3}
  6358 | D:7      | Noticed a troll
  6369 | D:7      | Killed a troll
  6370 | D:7      | Reached skill level 9 in Axes
  6965 | D:8      | Learned a level 2 spell: Blink
  7180 | D:8      | Reached XP level 10. HP: 74/79 MP: 10/10
  7499 | D:8      | Identified the +10 spear of Bodily Harmony {speed, rElec
                  | rPois Will+ Str-2}
  7552 | D:8      | Reached skill level 5 in Dodging
  7796 | D:8      | Found a broken altar of Ashenzari.
  7823 | D:8      | Found a hide-covered altar of Uskayaw.
  7823 | D:8      | Found a basalt altar of Yredelemnul.
  7882 | D:8      | Reached skill level 10 in Axes
  8041 | D:8      | Found a faded altar of an unknown god.
  8043 | D:8      | Found a faded altar of an unknown god.
  8045 | D:8      | Found an ancient bone altar of Kikubaaqudgha.
  8138 | D:9      | Identified the +2 leather armour of Incorporation {rF+
                  | Stlth+}
  8153 | D:9      | Noticed a two-headed ogre
  8162 | D:9      | Killed a two-headed ogre
  8163 | D:9      | Reached skill level 1 in Polearms
  8468 | D:9      | Noticed an orange demon
  8469 | D:9      | Noticed Amaemon
  8480 | D:9      | Noticed Maggie
  8489 | D:9      | Found an ornate altar of the Wu Jian Council.
  8698 | D:9      | Killed Maggie
  8754 | D:9      | Killed Amaemon
  8755 | D:9      | Reached XP level 11. HP: 65/86 MP: 11/11
  8817 | D:9      | Noticed a centaur warrior
  8829 | D:9      | Killed a centaur warrior
  9099 | D:9      | Noticed a boulder beetle
  9099 | D:9      | Noticed a red ugly thing
  9103 | D:9      | Noticed a two-headed ogre
  9104 | D:9      | Noticed a cyan ugly thing
  9104 | D:9      | Noticed a purple ugly thing
  9131 | D:9      | Killed a green ugly thing
  9133 | D:9      | Noticed a centaur warrior
  9144 | D:9      | Killed a cyan ugly thing
  9152 | D:9      | Killed a two-headed ogre
  9154 | D:9      | Noticed a skeletal warrior
  9169 | D:9      | Killed a white ugly thing
  9175 | D:9      | Killed a centaur warrior
  9176 | D:9      | Reached skill level 5 in Polearms
  9190 | D:9      | Slain by a boulder beetle

Illustrated notes

Levels and vault maps discovered:
D:1:      amcnicky_arrival_abandoned_market, layout_loops_ring
D:2:      layout_loops_cross, hellmonk_ecumenical_altar_dog_temple,
          dk_noncrumbling_3
D:3:      layout_basic, corexii_shack
D:4:      layout_basic, minmay_temple_entry_glassed_door, serial_glass,
          glass_columns_b, glass_columns_c
D:5:      layout_loops_ring
D:6:      cheibrodos_quashed, layout_rooms, nicolae_vehumet_radiance,
          mainiacjoe_overflow_brackets
D:7:      layout_gridville, nicolae_grassy_gnolls
D:8:      corexii_shantytown, layout_cave_pools, kennysheep_mini_moat,
          chequers_temple_overflow_minitemple, serial_gnoll_camp,
          gnoll_camp_mini_loothouse, gnoll_camp_huts_basic,
          gnoll_camp_mini_house, gnoll_camp_medium_02, gnoll_camp_mini_hut
D:9:      layout_basic, kennysheep_mini, serial_curves, eino_curves_03,
          eino_curves_02, grunt_decor_fettered, minmay_the_grid_2x2
          [minmay_the_grid_mess, minmay_the_grid_small_cups,
          minmay_the_grid_large_cup, minmay_the_grid_prize_four_corners],
          uniq_maggie, uniq_amaemon

Skill      XL: |  1  2  3  4  5  6  7  8  9 10 11 |
---------------+----------------------------------+-----
Axes           | 3 4 6 7 9 10 | 10.8
Armour         | 1 2 3 4 5 6 |  6.9
Dodging        | 3 4 6 7 |  7.0
Fighting       | 3 4 6 7 8 |  8.7
Throwing       | 2 |  2.6
Stealth        | 1 2 |  2.3
Polearms       | 3 5 |  5.1
Spellcasting   | |  0.4
Translocations | |  0.3
Evocations     | |  0.1

Action                   |  1- 3 |  4- 6 |  7- 9 | 10-12 || total
-------------------------+-------+-------+-------+-------++-------
Melee: War axe           |    80 |    97 |    56 |       ||   233
       Tailslap          |     7 |    15 |    32 |    50 ||   104
       Punch             |       |     1 |       |     3 ||     4
       Battleaxe         |       |       |   129 |    87 ||   216
       Spear             |       |       |       |   262 ||   262
Throw: Throwing net      |       |     1 |     2 |       ||     3
       Javelin           |       |     1 |     1 |       ||     2
       Dart              |       |       |     5 |     7 ||    12
 Cast: Apportation       |       |       |     3 |       ||     3
       Blink             |       |       |     1 |       ||     1
Evoke: Wand              |       |       |       |     2 ||     2
  Use: Potion            |       |     6 |     4 |       ||    10
       Scroll            |       |       |    22 |     1 ||    23
 Stab: Held in net/web   |       |     1 |       |       ||     1
       Sleeping          |       |       |     1 |       ||     1
       Distracted        |       |       |       |     1 ||     1
Armor: Scale mail        |    46 |    57 |    43 |       ||   146
       Steam dragon scal |       |       |    41 |       ||    41
       Troll leather arm |       |       |    30 |   113 ||   143
Dodge: Dodged            |    46 |    39 |   205 |   241 ||   531

Table legend: (Time is in decaauts)
 A = Elapsed time spent in this place.
 B = Non-inter-level travel time spent in this place.
 C = Inter-level travel time spent in this place.
 D = Time resting spent in this place.
 E = Time spent auto-exploring this place.
 F = Levels seen in this place.
 G = Mean time per level.
                   A        B        C        D        E       F      G
               +--------+--------+--------+--------+--------+-----+--------+
         Total |   9165 |   8621 |    544 |    394 |   6093 |   9 | 1018.3 |
       Dungeon |   9165 |   8621 |    544 |    394 |   6093 |   9 | 1018.3 |
               +--------+--------+--------+--------+--------+-----+--------+

Top non-repeatable levels by time:
     D:5: 1552 daAuts
     D:4: 1244 daAuts
     D:8: 1183 daAuts
     D:7: 994 daAuts
     D:9: 951 daAuts
     D:6: 885 daAuts
     D:3: 807 daAuts
     D:2: 785 daAuts
     D:1: 759 daAuts
